 Dungeon Crawl Stone Soup version 0.30-a0-793-g160f7cfddd (webtiles) character file.

Game seed: 6865729016171576252

94071 Smoke131 the Unseen (level 15, -43/101 HPs)
             Began as a Vampire Enchanter on Feb 20, 2023.
             Was the Champion of Ashenzari.
             Killed from afar by Nikola (59 damage)
             ... with an arc of chain lightning
             ... on level 3 of the Swamp.
             The game lasted 02:23:42 (25943 turns).

Smoke131 the Unseen (Vampire Enchanter)            Turns: 25943, Time: 02:23:43

Health: -43/101    AC: 18    Str:  6    XL:     15   Next: 62%
Magic:  28/31      EV: 29    Int: 22    God:    Ashenzari [******]
Gold:   922        SH: 15    Dex: 35    Spells: 20/39 levels left

rFire   . . .      SeeInvis +    I - +6 dagger "Perceptive Yoke" {elec, Fort, Evo} (curse)
rCold   + + +      Faith    .    B - +0 buckler of Ashenzari's Urgency {Fort, Self} (curse)
rNeg    + + +      Spirit   .    u - +2 robe of Curses and Power {rC+, Evo, Fort} (curse)
rPois   ∞          Reflect  +    H - +1 hat of Toth-Mos's Legacy {Str+2, Elem, Cun} (curse)
rElec   .          Harm     .    R - +2 cloak of the Shattered Stars {Range, Self} (curse)
rCorr   +          Rampage  .    J - +1 Delatra's gloves {ID++, Melee, Range} (curse)
Will    +....      Clarity  +    l - +1 pair of boots "Disgust of Ashenzari" {Range, Elem} (curse) Stlth *+++++++++
                                 L - amulet "Ruined Visionary" {Reflect Str-3 Int-2 Dex+9 SH+5 SInv, Alch, Comp} (curse)
HPRegen 0.00/turn                r - ring "Behold Eternity" {rCorr Int+6 Dex+4 Stlth+, Bglg, Range} (curse)
MPRegen 0.22/turn                G - ring of the Enigmatic Sky {AC+4, Evo, Comp} (curse)

@: confusing by touch, bloodless, inhibited regen, hasted, studying Ice Magic,
very quick
A: bloodless, fangs 3, see invisible, vampiric 2
a: Bat Form, Revivify, Renounce Religion, Shatter the Chains


You were on level 3 of the Swamp.
You worshipped Ashenzari.
Ashenzari was exalted by your worship.
You visited 5 branches of the dungeon, and saw 22 of its levels.
You also visited: Ice Cave.

You collected 2532 gold pieces.
You spent 1610 gold pieces at shops.

Inventory:

Hand Weapons
 i - a +2 dagger of venom
 I - the cursed +6 dagger "Perceptive Yoke" (weapon) {elec, Fort, Evo}
   (You took it off an orc on level 7 of the Dungeon)

   It has a curse which improves the following skills: Fortitude: Armour and
   Shields.
   Evocations: Evocations.
 S - a +5 quick blade of freezing
Missiles
 c - 2 atropa-tipped darts
 q - 11 poisoned darts
 O - 4 curare-tipped darts
Armour
 l - the cursed +1 pair of boots "Disgust of Ashenzari" (worn) {Range, Elem}
   (You found it on level 2 of the Dungeon)

   It has a curse which improves the following skills: Ranged Combat: Ranged
   Weapons and Throwing.
   Elements:  Fire Magic, Ice Magic, Air Magic and Earth Magic.
 u - the cursed +2 robe of Curses and Power (worn) {rC+, Evo, Fort}
   (You bought it in a shop on level 3 of the Dungeon)

   It has a curse which improves the following skills: Evocations: Evocations.
   Fortitude: Armour and Shields.
 z - a +2 tower shield
 B - the cursed +0 buckler of Ashenzari's Urgency (worn) {Fort, Self}
   (You took it off a gnoll sergeant on level 8 of the Dungeon)

   It has a curse which improves the following skills: Fortitude: Armour and
   Shields.
   Introspection: Fighting and Spellcasting.
 H - the cursed +1 hat of Toth-Mos's Legacy (worn) {Str+2, Elem, Cun}
   (You found it on level 8 of the Dungeon)

   Str:       It affects your strength (+2).
   It has a curse which improves the following skills: Elements: Fire Magic, Ice
   Magic, Air Magic and Earth Magic.
   Cunning:   Dodging and Stealth.
 J - the cursed +1 Delatra's gloves (worn) {ID++, Melee, Range}
   (You bought it in a shop on level 3 of the Dungeon)

   ID++:      It heals its wearer when they drink unknown potions, and restores
   their MP when they read unknown scrolls.
   It has a curse which improves the following skills: Melee Combat: Short
   Blades, Long Blades, Axes, Maces & Flails, Polearms, Staves and Unarmed
   Combat.
   Ranged Combat: Ranged Weapons and Throwing.
 M - a +0 pair of boots
 N - a +0 pair of gloves
 P - a +0 kite shield of reflection
 R - the cursed +2 cloak of the Shattered Stars (worn) {Range, Self}
   (You bought it in a shop on level 2 of the Orcish Mines)

   It has a curse which improves the following skills: Ranged Combat: Ranged
   Weapons and Throwing.
   Introspection: Fighting and Spellcasting.
Jewellery
 g - a +4 ring of protection
 n - a ring of protection from fire
 r - the cursed ring "Behold Eternity" (left hand) {rCorr Int+6 Dex+4 Stlth+, Bglg, Range}
   (You found it on level 2 of the Dungeon)

   [ring of intelligence]

   Int:       It affects your intelligence (+6).
   Dex:       It affects your dexterity (+4).
   rCorr:     It protects you from acid and corrosion.
   Stlth:     It makes you more stealthy.
   It has a curse which improves the following skills: Beguiling: Conjurations,
   Hexes and Translocations.
   Ranged Combat: Ranged Weapons and Throwing.
 D - a ring of willpower
 G - the cursed ring of the Enigmatic Sky (right hand) {AC+4, Evo, Comp}
   (You found it on level 7 of the Dungeon)

   [ring of protection]

   AC:        It affects your AC (+4).
   It has a curse which improves the following skills: Evocations: Evocations.
   Companions: Summonings and Necromancy.
 K - the ring of Uhueru {Wiz +Blink Will+ Str+10 Stlth-}
   (You found it on level 1 of the Swamp)

   [ring of wizardry]

   It improves your spell success rate.
   Str:       It affects your strength (+10).
   +Blink:    It lets you blink.
   Will:      It increases your willpower.
   Stlth:     It makes you less stealthy.
 L - the cursed amulet "Ruined Visionary" (around neck) {Reflect Str-3 Int-2 Dex+9 SH+5 SInv, Alch, Comp}
   (You bought it in a shop on level 2 of the Orcish Mines)

   [amulet of reflection]

   It reflects blocked missile attacks.
   Str:       It affects your strength (-3).
   Int:       It affects your intelligence (-2).
   Dex:       It affects your dexterity (+9).
   SInv:      It lets you see invisible.
   SH:        It affects your SH (+5).
   It has a curse which improves the following skills: Alchemy: Poison Magic and
   Transmutations.
   Companions: Summonings and Necromancy.
Wands
 a - a wand of quicksilver (1)
 s - a wand of flame (30)
 x - a wand of polymorph (19)
 y - a wand of roots (33)
 A - a wand of charming (32)
 Q - a wand of digging (7)
Scrolls
 d - 4 scrolls of teleportation
 e - 3 scrolls of magic mapping
 f - 2 scrolls of vulnerability
 j - 3 scrolls of fog
 k - 2 scrolls of silence
 t - 6 scrolls of amnesia
Potions
 b - 3 potions of berserk rage (quivered)
 m - 4 potions of lignification
 p - 3 potions of haste
 v - 3 potions of flight
 w - 8 potions of curing
 C - 8 potions of brilliance
 E - 4 potions of might
 F - 4 potions of magic


   Skills:
 + Level 10.5(14.4) Fighting
 + Level 10.2(12.8) Short Blades
 + Level 7.5(12.6) Armour
 + Level 10.2(12.8) Dodging
 + Level 15.3(17.9) Stealth
 + Level 8.6(13.7) Shields
 - Level 9.0(12.9) Spellcasting
 + Level 14.8(17.3) Hexes
 - Level 10.5(14.4) Ice Magic


You had 20 spell levels left.
You knew the following spells:

 Your Spells              Type           Power      Damage    Failure   Level
a - Ensorcelled Hibernat  Hex/Ice        100%       N/A       0%          2
b - Confusing Touch       Hex            74%        N/A       0%          3
c - Tukima's Dance        Hex            74%        N/A       0%          3
d - Dazzling Flash        Conj/Hex       100%       N/A       1%          3
y - Metabolic Englaciati  Hex/Ice        35%        N/A       1%          5
z - Ozocubu's Armour      Ice            67%        N/A       1%          3

Your spell library contained the following spells:

 Spells                   Type           Power      Damage    Failure   Level
 Frozen Ramparts          Ice            100%       1d16      1%          3
 Portal Projectile        Hex/Tloc       100%       N/A       1%          3
 Leda's Liquefaction      Hex/Erth       26%        N/A       1%          4
 Yara's Violent Unravell  Hex/Tmut       26%        3d11      3%          5
 Apportation              Tloc           30%        N/A       4%          1
 Foxfire                  Conj/Fire      64%        2x1d7     4%          1
 Sting                    Tmut/Pois      60%        1d6       4%          1
 Call Canine Familiar     Summ           16%        N/A       12%         3
 Ozocubu's Refrigeration  Ice            33%        4d14      12%         7
 Stone Arrow              Conj/Erth      32%        3d9       13%         3
 Vhi's Electric Charge    Tloc/Air       32%        N/A       13%         3
 Spider Form              Tmut/Pois      15%        N/A       14%         3
 Animate Armour           Summ/Erth      32%        N/A       38%         4
 Petrify                  Tmut/Erth      16%        N/A       38%         4
 Manifold Assault         Tloc           15%        N/A       41%         4
 Passage of Golubria      Tloc           15%        N/A       41%         4
 Arcjolt                  Conj/Air       8%         1d18      75%         5
 Fireball                 Conj/Fire      8%         3d6       75%         5
 Lee's Rapid Deconstruct  Erth           8%         3d7*      75%         5
 Alistair's Intoxication  Tmut/Pois      10%        N/A       77%         5
 Dispersal                Tloc           7%         N/A       100%        6
 Eringya's Noxious Bog    Tmut/Pois      7%         N/A       100%        6
 Starburst                Conj/Fire      8%         6d4       100%        6
 Statue Form              Tmut/Erth      10%        N/A       100%        6
 Disjunction              Tloc           7%         N/A       100%        8
 Lehudib's Crystal Spear  Conj/Erth      8%         10d3      100%        8
 Maxwell's Capacitive Co  Air            8%         ∞         100%        8


Dungeon Overview and Level Annotations

Branches:
Dungeon (11/15)            Temple (1/1) D:7            Lair (5/5) D:11
  Swamp (3/4) Lair:3        Snake (0/4) Lair:2        Slime (0/5) Lair:4
    Orc (2/2) D:9             Elf (0/3) Orc:2         IceCv (visited)

Altars:
Ashenzari
Cheibriados
Dithmenos
Fedhas
Gozag
Hepliaklqana
Kikubaaqudgha
Makhleb
Okawaru
Qazlal
Ru
Sif Muna
Trog
Uskayaw
Vehumet
Wu Jian
Xom
Yredelemnul
Jiyva

Shops:
D:3 [   Orc:1 (   Orc:2 [=**

Portals:
Hell: Lair:5

Annotations:
D:7 1 runed translucent door
Lair:1 1 runed translucent door, freelancePsychic's ghost, journeyman DsFi
Swamp:3 Mlioglotl; Nikola


Innate Abilities, Weirdness & Mutations

You do not regenerate when monsters are visible.
You are frail without blood (-20% HP).
You can heal yourself when you bite living creatures.
You are immune to poison.
You have razor-sharp teeth.
You have supernaturally acute eyesight. (SInv)
You are afflicted with vampirism and can become a bat while bloodless.


Message History

Nikola is lightly wounded.
You completely miss Nikola.
Nikola is lightly wounded.
You closely miss Nikola.
Nikola is lightly wounded.
Nikola hits you with a +3 rapier of electrocution.
* * * LOW HITPOINT WARNING * * *
You hit Nikola but do no damage. You bite Nikola.
You draw Nikola's blood!
You feel better.
Nikola is lightly wounded.
You hit Nikola but do no damage. You bite Nikola, but do no damage.
Nikola is lightly wounded.
You hit Nikola but do no damage.
Nikola is lightly wounded.
Nikola misses you.
You hit Nikola but do no damage.
Nikola is lightly wounded.
You hit Nikola but do no damage. Your bite misses Nikola.
Nikola is lightly wounded.
You barely miss Nikola.
Nikola is lightly wounded.
You block Nikola's attack.
Mlioglotl, the Unformed Horror comes into view.
You hit Nikola but do no damage.
Nikola is lightly wounded.
You closely miss Nikola.
Nikola is lightly wounded.
You hit Nikola but do no damage.
Nikola is lightly wounded.
You block Nikola's attack.
You hit Nikola but do no damage.
Nikola is lightly wounded.
You closely miss Nikola.
Nikola is lightly wounded.
You barely miss Nikola.
Nikola is lightly wounded.
Nikola gestures wildly while chanting.
Lightning arcs from Nikola's hands!
The bolt of lightning hits you!!!
Ouch! That really hurt!
You die...

*, ...$.....~....~.~...♣
* ..§~.~..~~~.§$~....♣♣
♣♣~..~~~~..~~.....~~.~.♣*
.~♣.~~.~.§.~~§.~~..X...!
~..~.~,.~.~~~.~....~..~♣
.~.~~♣♣♣.....~†....~...♣
...♣♣.♣♣ *#........~~.~.*
.♣...~.#**#......@...~~♣
..~~...# ##...#@#.~.~.♣
.~~♣...#####.#...#...@.~
~...~..##..#.'.#.# .~~~~*
~.~~~~...........#~....♣
~~~~~........#....♣,~.♣♣
.~.♣....###..#.#.#.♣~§.*
~~......# #..#...... , *
~~~.♣~.## ##.#####...∆
~.~~~♣.# #..,,, .♣.♣


You could see Nikola and Mlioglotl.

Vanquished Creatures
  Donald (Swamp:1)
  Louise (Swamp:1)
  An eleionoma (Swamp:1)
  2 bunyips (Swamp:2)
  10 hydras
  Fannar (Lair:2)
  A ghost crab (Swamp:2)
  2 ironbound frosthearts (IceCv)
  5 alligators
  4 two-headed ogres
  3 boulder beetles
  15 death yaks
  5 orc high priests (Orc:2)
  5 skysharks
  A sixfirhy (Lair:5)
  2 spriggan druids
  Pikel (D:8)
  2 bog bodies
  8 orc knights
  A swamp dragon (Swamp:2)
  A lindwurm (D:8)
  A wizard (Lair:5)
  An oklob plant (Lair:1)
  4 cyclopes
  5 will-o-the-wisps
  18 elephants
  2 orange demons (Lair:5)
  8 black mambas
  9 cane toads
  A torpor snail (Lair:5)
  An ice statue (IceCv)
  A smoke demon (Lair:5)
  5 rime drakes
  8 komodo dragons
  2 ice devils (Lair:5)
  A red devil (Lair:5)
  2 trolls
  3 tyrant leeches
  9 polar bears
  5 hornets
  3 blink frogs
  A jumping spider (D:8)
  Sigmund (D:3)
  A shadow (D:10)
  A vampire (D:11)
  A wraith (D:10)
  5 spriggans
  2 wyverns
  Eustachio (D:6)
  The ghost of barkas the Ruffian, an amateur NaTm (D:3)
  A basilisk (Lair:5)
  47 yaks
  A death yak simulacrum (Lair:3)
  3 redbacks (D:8)
  10 vampire mosquitoes
  9 wargs
  A naga (Lair:2)
  Menkaure (D:7)
  An acid dragon (D:8)
  13 swamp worms
  5 hell hounds (Lair:5)
  14 water moccasins
  29 orc warriors
  2 swamp drakes (Swamp:1)
  A sky beast (D:7)
  An ice beast (D:6)
  The ghost of Foxy the Shield-Bearer, an amateur FoFi (D:3)
  28 wolves
  2 centaurs
  4 ogres
  A phantom (D:7)
  4 lemures (D:8)
  A kobold brigand (D:8)
  13 bullfrogs
  A gnoll sergeant (D:8)
  Blork the orc (D:5)
  2 scorpions (D:4)
  A necrophage (D:7)
  3 wights (D:9)
  4 killer bees (D:9)
  An elephant simulacrum (Lair:3)
  An electric eel (Lair:5)
  3 lava snakes (D:8)
  29 orc priests
  3 jellies (D:6)
  2 gnoll boudas
  3 hounds
  27 orc wizards
  4 iguanas
  Natasha (thrice) (D:3)
  6 hell rats (Lair:1)
  A polar bear simulacrum (Lair:3)
  2 wolf simulacra (Lair:3)
  10 gnolls
  7 adders
  A shadow imp (D:6)
  2 white imps
  2 ufetubi
  A worm (D:2)
  A dart slug (D:3)
  80 orcs
  9 ball pythons
  6 endoplasms
  8 giant cockroaches
  3 goblins
  7 hobgoblins
  11 kobolds
  2 quokkas
  9 bats
  3 frilled lizards
  A jackal zombie (D:7)
  10 rats
638 creatures vanquished.

Vanquished Creatures (collateral kills)
  An orc knight (Orc:1)
  A spriggan (Swamp:2)
  2 orc warriors (Orc:2)
  3 orc priests
  An orc wizard (D:8)
  3 gnolls
  5 orcs
16 creatures vanquished.

Vanquished Creatures (others)
  A hornet (Swamp:2)
  6 dancing weapons
  A swamp worm (Swamp:3)
  An orc priest (Orc:1)
  24 foxfires
  18 fungi
  15 plants
66 creatures vanquished.

Grand Total: 720 creatures vanquished

Notes
Turn   | Place    | Note
-------+----------+-------------------------------------------
     0 | D:1      | Smoke131 the Vampire Enchanter began the quest for the Orb.
     0 | D:1      | Reached XP level 1. HP: 13/13 MP: 3/3
   114 | D:1      | Reached XP level 2. HP: 16/16 MP: 5/5
   635 | D:1      | Gained mutation: You are afflicted with vampirism and can
                  | become a bat while bloodless. [Vampire growth]
   635 | D:1      | Reached XP level 3. HP: 16/20 MP: 6/6
   944 | D:2      | Noticed an ogre
   998 | D:2      | Learned a level 2 spell: Ensorcelled Hibernation
  1002 | D:2      | Learned a level 3 spell: Confusing Touch
  1022 | D:2      | Killed an ogre
  1023 | D:2      | Reached skill level 1 in Fighting
  1023 | D:2      | Reached skill level 5 in Stealth
  1023 | D:2      | Reached skill level 5 in Hexes
  1023 | D:2      | Reached XP level 4. HP: 25/25 MP: 0/7
  1338 | D:2      | Identified the ring "Yqanodeg" {rCorr Int+6 Dex+4 Stlth+}
  1524 | D:2      | Reached XP level 5. HP: 29/29 MP: 8/8
  1918 | D:3      | Found Cirgh's Antique Armour Emporium.
  1925 | D:3      | Noticed Sigmund
  1942 | D:3      | Killed Sigmund
  1943 | D:3      | Reached skill level 6 in Stealth
  1943 | D:3      | Reached XP level 6. HP: 35/35 MP: 10/10
  1963 | D:3      | Bought a glowing robe for 103 gold pieces
  2021 | D:3      | Learned a level 3 spell: Tukima's Dance
  2025 | D:3      | Learned a level 3 spell: Dazzling Flash
  2068 | D:3      | Found an iron altar of Okawaru.
  2217 | D:3      | Found a runed translucent gate.
  2217 | D:3      | Found a runed translucent gate.
  2217 | D:3      | Found a runed translucent gate.
  2247 | D:3      | Noticed barkas's ghost (amateur NaTm)
  2248 | D:3      | Noticed Foxy's ghost (amateur FoFi)
  2335 | D:3      | Noticed Natasha
  2342 | D:3      | Killed Natasha
  2494 | D:3      | Noticed Natasha
  2501 | D:3      | Killed Natasha
  2654 | D:3      | Noticed Natasha
  2657 | D:3      | Killed Natasha
  2707 | D:4      | Found an ancient bone altar of Kikubaaqudgha.
  2836 | D:4      | Reached skill level 1 in Ice Magic
  2836 | D:4      | Reached XP level 7. HP: 40/40 MP: 11/11
  3184 | D:4      | Found a snail-covered altar of Cheibriados.
  3598 | D:5      | Entered Level 5 of the Dungeon
  3606 | D:5      | Found an opulent altar of Gozag.
  3737 | D:5      | Noticed Blork the orc
  3755 | D:5      | Killed Blork the orc
  4658 | D:6      | Noticed Eustachio
  4664 | D:6      | Killed Eustachio
  4665 | D:6      | Reached skill level 7 in Stealth
  4714 | D:6      | Reached XP level 8. HP: 46/46 MP: 4/13
  5207 | D:7      | Found a sacrificial altar of Ru.
  5257 | D:7      | Reached skill level 8 in Stealth
  5259 | D:7      | Reached skill level 5 in Dodging
  5365 | D:7      | Found a bloodstained altar of Trog.
  5527 | D:7      | Found a runed translucent door.
  5534 | D:7      | Found a basalt altar of Yredelemnul.
  5601 | D:7      | Found a staircase to the Ecumenical Temple.
  5618 | D:7      | Noticed Menkaure
  5646 | D:7      | Killed Menkaure
  5647 | D:7      | Reached skill level 5 in Short Blades
  5647 | D:7      | Reached XP level 9. HP: 29/52 MP: 8/15
  5829 | Temple   | Entered the Ecumenical Temple
  5863 | Temple   | Became a worshipper of Ashenzari the Shackled
  6047 | D:8      | Reached skill level 9 in Stealth
  6094 | D:8      | Found a runed translucent door.
  6436 | D:8      | Reached skill level 5 in Spellcasting
  6559 | D:8      | Found a hazy altar of Hepliaklqana.
  7211 | D:8      | Noticed Pikel
  7402 | D:8      | Killed Pikel
  7403 | D:8      | Reached skill level 5 in Fighting
  7403 | D:8      | Reached skill level 10 in Stealth
  7403 | D:8      | Reached skill level 10 in Hexes
  7403 | D:8      | Reached skill level 5 in Ice Magic
  7902 | D:8      | Found a runed translucent gate.
  7918 | D:8      | Learned a level 3 spell: Ozocubu's Armour
  7919 | D:8      | Noticed a boulder beetle
  7920 | D:8      | Found a runed translucent gate.
  7921 | D:8      | Found a runed translucent gate.
  7921 | D:8      | Found a runed translucent gate.
  7921 | D:8      | Found a runed translucent gate.
  7921 | D:8      | Identified the +1 hat of Vehumet's Regard {Str+2}
  7921 | D:8      | Noticed a boulder beetle
  7921 | D:8      | Noticed a lindwurm
  7922 | D:8      | Found a runed translucent gate.
  7925 | D:8      | Reached XP level 10. HP: 59/59 MP: 17/17
  8652 | D:9      | Reached * piety under Ashenzari
  8815 | D:9      | Found a staircase to the Orcish Mines.
  9226 | D:10     | Entered Level 10 of the Dungeon
  9260 | D:10     | Noticed a two-headed ogre
  9366 | D:10     | Reached ** piety under Ashenzari
  9382 | D:10     | Reached skill level 1 in Armour
  9663 | D:10     | Killed a two-headed ogre
 10058 | D:11     | Noticed a boulder beetle
 10061 | D:11     | Killed a boulder beetle
 10086 | D:11     | Found a staircase to the Lair.
 10086 | D:11     | Noticed a death yak
 10086 | D:11     | Noticed a death yak
 10090 | D:11     | Noticed a death yak
 10238 | D:10     | Killed a death yak
 10239 | D:10     | Reached XP level 11. HP: 19/64 MP: 13/19
 10477 | D:11     | Reached skill level 11 in Stealth
 10568 | D:11     | Killed a death yak
 10972 | D:11     | Learned a level 5 spell: Metabolic Englaciation
 10990 | D:11     | Killed a death yak
 12019 | D:11     | Noticed a two-headed ogre
 12026 | D:11     | Killed a two-headed ogre
 12250 | D:8      | Reached *** piety under Ashenzari
 12338 | Lair:1   | Entered Level 1 of the Lair of Beasts
 12501 | Lair:1   | Found a runed translucent door.
 12503 | Lair:1   | Noticed freelancePsychic's ghost (journeyman DsFi)
 12515 | Lair:1   | Reached skill level 12 in Stealth
 12695 | D:3      | Bought the +1 Delatra's gloves {ID++} for 280 gold pieces
 12695 | D:3      | Found the +1 Delatra's gloves {ID++}
 12700 | D:3      | Reached **** piety under Ashenzari
 12736 | D:3      | Killed Foxy's ghost
 12738 | D:3      | Killed barkas's ghost
 12961 | D:8      | Identified the amulet "Otovot" {RegenMP Regen+ Stlth+}
 12978 | D:8      | Killed a boulder beetle
 12982 | D:8      | Killed a boulder beetle
 12983 | D:8      | Reached XP level 12. HP: 40/71 MP: 5/21
 13549 | Lair:1   | Identified the Treatise on the Disgusting Snowflakes
 13969 | Lair:2   | Noticed Fannar
 13998 | Lair:2   | Killed Fannar
 14072 | Lair:2   | Found a staircase to the Snake Pit.
 14308 | Lair:2   | Reached ***** piety under Ashenzari
 14691 | Lair:3   | Found a frozen archway.
 14738 | IceCv    | Entered an ice cave
 14745 | IceCv    | Reached skill level 1 in Shields
 15137 | IceCv    | Noticed a death yak
 15186 | IceCv    | Killed a death yak
 15232 | IceCv    | Noticed a death yak
 15232 | IceCv    | Noticed a death yak
 15232 | IceCv    | Noticed an ironbound frostheart
 15232 | IceCv    | Noticed an ironbound frostheart
 15248 | IceCv    | Noticed a death yak
 15248 | IceCv    | Noticed a death yak
 15248 | IceCv    | Noticed a death yak
 15301 | IceCv    | Killed a death yak
 15302 | IceCv    | Reached skill level 5 in Shields
 15317 | IceCv    | Killed a death yak
 15335 | IceCv    | Killed a death yak
 15336 | IceCv    | Reached XP level 13. HP: 54/78 MP: 15/25
 16090 | Lair:3   | Reached skill level 10 in Ice Magic
 16216 | Lair:3   | Reached skill level 5 in Armour
 16451 | Lair:3   | Found a staircase to the Swamp.
 16922 | Lair:4   | Reached skill level 13 in Stealth
 17121 | Lair:4   | Found a viscous altar of Jiyva.
 17123 | Lair:4   | Found a staircase to the Slime Pits.
 17476 | Lair:5   | Entered Level 5 of the Lair of Beasts
 17492 | Lair:4   | Reached XP level 14. HP: 90/90 MP: 27/29
 17651 | Lair:5   | Identified a scroll of acquirement
 18662 | Lair:5   | Found a burning altar of Makhleb.
 18666 | Lair:5   | Acquired a +3 quick blade of freezing
 18855 | Lair:5   | Found a gateway to Hell.
 18863 | Lair:5   | Reached skill level 14 in Stealth
 19090 | Orc:1    | Entered Level 1 of the Orcish Mines
 19454 | Orc:1    | Found Attiucegg's Weapon Boutique.
 19653 | Orc:2    | Entered Level 2 of the Orcish Mines
 20672 | Orc:2    | Found a staircase to the Elven Halls.
 20985 | Orc:2    | Reached skill level 10 in Fighting
 20999 | Orc:2    | Reached XP level 15. HP: 85/96 MP: 14/30
 21213 | Orc:2    | Found Zukupuuwn's Assorted Antiques.
 21213 | Orc:2    | Found Ipleimm's Assorted Antiques.
 21214 | Orc:2    | Found Okhlaal's Jewellery Emporium.
 21214 | Orc:2    | Found Xucve's Antique Armour Shoppe.
 21226 | Orc:2    | Bought a scroll labelled UDWIOTW UBUNUE for 25 gold pieces
 21228 | Orc:2    | Bought a glowing scarf for 216 gold pieces
 21231 | Orc:2    | Bought the amulet of Uroqauh {Reflect Str-3 Int-2 Dex+9
                  | SH+5 SInv} for 744 gold pieces
 21468 | Swamp:1  | Entered Level 1 of the Swamp
 21468 | Swamp:1  | Identified the ring of Uhueru {Wiz +Blink Will+ Str+10
                  | Stlth-}
 21679 | Orc:2    | Bought a buckler for 121 gold pieces
 22439 | Swamp:1  | Noticed Louise
 22457 | Swamp:1  | Noticed Donald
 22466 | Swamp:1  | Killed Donald
 22545 | Swamp:1  | Killed Louise
 22925 | Orc:2    | Bought a cloak for 121 gold pieces
 24037 | Swamp:2  | Reached skill level 15 in Stealth
 24339 | Swamp:2  | Reached skill level 10 in Dodging
 24389 | Swamp:2  | Reached skill level 10 in Short Blades
 24958 | Swamp:2  | Reached ****** piety under Ashenzari
 25917 | Swamp:3  | Noticed Nikola
 25937 | Swamp:3  | Noticed Mlioglotl
 25943 | Swamp:3  | Killed from afar by Nikola

Illustrated notes

Levels and vault maps discovered:
D:1:      minmay_arrival_four_circles, layout_basic,
          chequers_serial_rivers_micro_d, corner_web_ring
D:2:      layout_loops_corners, minmay_misc_feat_tiny, minmay_misc_feat_rugged
D:3:      layout_rooms, okawaru_gym_becter, gammafunk_ghost_cemetery,
          serial_shops, shop, minmay_bisected, uniq_natasha, uniq_sigmund
D:4:      layout_loops_ring, lemuel_crystal_altar, amcnicky_altar_gilded,
          serial_bayou_pond_c
D:5:      layout_basic, grunt_gozag_statues, kennysheep_generic_room_13,
          uniq_blork_the_orc
D:6:      layout_loops_cross, uniq_eustachio
D:7:      layout_basic, marbit_many_paths, nicolae_ru_path_of_blood,
          dk_yredelemnul_ordeal, minmay_temple_entry_statues_pillars,
          uniq_menkaure
D:8:      gammafunk_indiana_jones, layout_basic,
          nicolae_hepliaklqana_hippocampus, uniq_pikel
D:9:      layout_gridville, minmay_orc_entry_guard_dogs, minmay_crystal_room
D:10:     layout_loops_ring
D:11:     layout_gridville, dpeg_lair_monsters, grunt_ministairs_11,
          dreamdust_mushroom_princess, dreamdust_princess_bridge
Temple:   eino_temple_lava
Lair:1:   layout_gridlike, ebering_ghost_inner_flame
Lair:2:   layout_layer_cave, guppyfry_snake_entry_garden, uniq_fannar
Lair:3:   layout_chaotic_city, minmay_swamp_entry_wisps,
          portal_ice_cave_entry_ice_simulacra
Lair:4:   layout_regular_city, dpeg_slime_entry_corner
Lair:5:   evil_forest, layout_regular_city, nicolae_quartered_pool_super,
          serial_bayou_shore_a, grunt_megastairs_5
Swamp:1:  layout_basic_swamp, serial_swamp_ruin, evilmike_swamp_ruin_wall,
          evilmike_swamp_ruin_rubble_1, evilmike_swamp_ruin_house_6,
          infiniplex_staircase_pool, uniq_louise, uniq_donald
Swamp:2:  layout_basic_swamp, hangedman_swamp_lotus
Swamp:3:  layout_falls_marsh, hangedman_swamp_ruin_hall, uniq_nikola,
          uniq_mlioglotl
Orc:1:    layout_caves, serial_shops, nicolae_square_shop, nooodl_orcs_dogs
Orc:2:    st_orc_pillars, layout_caves

Skill      XL: |  1  2  3  4  5  6  7  8  9 10 11 12 13 14 15 |
---------------+----------------------------------------------+-----
Fighting       | 1 2 3 4 5 6 8 9 10 | 10.5
Short Blades   | 2 3 4 5 7 8 9 10 | 10.2
Stealth        | 5 6 7 8 10 12 13 14 15 | 15.3
Hexes          | 5 6 7 10 11 12 14 | 14.8
Dodging        | 3 4 5 7 8 9 10 | 10.2
Spellcasting   | 3 4 5 6 8 9 |  9.0
Ice Magic      | 1 2 3 6 8 10 | 10.5
Armour         | 2 3 5 6 7 |  7.5
Shields        | 5 6 7 8 |  8.6

Action                     |  1- 3 |  4- 6 |  7- 9 | 10-12 | 13-15 || total
---------------------------+-------+-------+-------+-------+-------++-------
  Melee: Dagger            |    64 |    64 |   210 |   412 |   735 ||  1485
         Bite              |     3 |     8 |    21 |    50 |    65 ||   147
         Punch             |       |     1 |     3 |     6 |       ||    10
  Throw: Dart              |       |       |       |    18 |       ||    18
   Cast: Ensorcelled Hiber |     2 |     2 |    29 |   120 |   195 ||   348
         Tukima's Dance    |       |       |     5 |     4 |    25 ||    34
         Confusing Touch   |       |       |     2 |    27 |    22 ||    51
         Ozocubu's Armour  |       |       |       |    17 |    29 ||    46
         Metabolic Englaci |       |       |       |     7 |    17 ||    24
         Dazzling Flash    |       |       |       |     3 |   104 ||   107
 Invoke: Curse Item        |       |       |     1 |     7 |     3 ||    11
         Shatter the Chain |       |       |       |       |     1 ||     1
Ability: Exsanguinate      |     1 |       |       |       |       ||     1
  Evoke: Wand              |       |       |       |    18 |     8 ||    26
    Use: Scroll            |       |     7 |     3 |    12 |    12 ||    34
         Potion            |       |       |       |     4 |     6 ||    10
   Stab: Sleeping          |    19 |    31 |    59 |    99 |   154 ||   362
         Distracted        |       |     1 |     3 |     6 |     3 ||    13
         Confused          |       |       |     2 |    25 |    16 ||    43
         Invisible         |       |       |       |     3 |    95 ||    98
 Armour: Robe              |     9 |     9 |    44 |    89 |   148 ||   299
  Dodge: Dodged            |    22 |    12 |    87 |   266 |   496 ||   883
  Block: Buckler           |       |       |       |       |   332 ||   332
         Reflection        |       |       |       |       |    15 ||    15

Table legend: (Time is in decaauts)
 A = Elapsed time spent in this place.
 B = Non-inter-level travel time spent in this place.
 C = Inter-level travel time spent in this place.
 D = Time resting spent in this place.
 E = Time spent auto-exploring this place.
 F = Levels seen in this place.
 G = Mean time per level.
                   A        B        C        D        E       F      G
               +--------+--------+--------+--------+--------+-----+--------+
         Total |  25587 |  22233 |   3354 |   3312 |  11435 |  23 | 1112.5 |
       Dungeon |  13710 |  11736 |   1974 |   1371 |   7235 |  11 | 1246.4 |
        Temple |     43 |     43 |      0 |      0 |     22 |   1 |   43.0 |
          Lair |   4961 |   4448 |    513 |    321 |   2444 |   5 |  992.2 |
         Swamp |   3558 |   3345 |    213 |   1354 |    929 |   3 | 1186.0 |
  Orcish Mines |   2495 |   1843 |    652 |    134 |    778 |   2 | 1247.5 |
      Ice Cave |    818 |    818 |      0 |    132 |     26 |   1 |  818.0 |
               +--------+--------+--------+--------+--------+-----+--------+

Top non-repeatable levels by time:
     D:8: 2464 daAuts
    D:11: 1842 daAuts
 Swamp:2: 1677 daAuts
     D:9: 1652 daAuts
 Swamp:1: 1554 daAuts
    D:10: 1538 daAuts
  Lair:5: 1365 daAuts
   Orc:2: 1319 daAuts
  Lair:3: 1197 daAuts
   Orc:1: 1175 daAuts
     D:2: 1024 daAuts
     D:4: 1023 daAuts
  Lair:4: 930 daAuts
     D:3: 920 daAuts
     D:1: 872 daAuts
